 Dungeon Crawl Stone Soup version 0.21.1-1-g345015f (webtiles) character file.

18 LairdRich the Sneak (level 2, 0/13 HPs)
             Began as a Spriggan Enchanter on June 20, 2018.
             Slain by a worm (5 damage)
             ... on level 2 of the Dungeon.
             The game lasted 00:19:08 (2247 turns).

LairdRich the Sneak (Spriggan Enchanter)            Turns: 2247, Time: 00:19:09

Health: 0/13       AC:  2    Str:  4    XL:     2   Next: 48%
Magic:  5/6        EV: 18    Int: 16    God:
Gold:   59         SH:  0    Dex: 16    Spells: 3/6 levels left

rFire    . . .     SeeInvis +   a - +1 dagger
rCold    . . .     Gourm    .   (shield restricted)
rNeg     . . .     Faith    .   b - +0 robe
rPois    .         Spirit   .   (helmet restricted)
rElec    .         Reflect  .   (no cloak)
rCorr    .         Harm     .   (gloves unavailable)
MR       .....                  (boots unavailable)
Stlth    +++.......             (no amulet)
HPRegen  0.04/turn              (no ring)
MPRegen  0.10/turn              (no ring)

@: very quick
A: very small, unfitting armour, see invisible, herbivore, speed 3, slow
metabolism 2
a: no special abilities


You were on level 2 of the Dungeon.
You were not hungry.

You visited 1 branch of the dungeon, and saw 2 of its levels.

You collected 59 gold pieces.

Inventory:

Hand Weapons
 a - a +1 dagger (weapon)
 g - a +0 dagger
Missiles
 n - 51 stones (quivered)
Armour
 b - a +0 robe (worn)
 h - a cursed +0 leather armour
 i - a +0 robe
Jewellery
 k - a +1 ring of evasion {unknown}
Scrolls
 f - 2 scrolls of remove curse {unknown}
 l - a scroll of immolation {unknown}
 m - a scroll of blinking {unknown}
 o - 2 scrolls of fog {unknown}
 p - a scroll of magic mapping {unknown}
 r - a scroll of teleportation {unknown}
Potions
 e - a potion of brilliance {unknown}
 j - a potion of flight {unknown}
 q - a potion of curing {unknown}
Books
 c - a book of Maledictions

   Spells                             Type                      Level
   a - Corona                         Hexes                        1
   b - Ensorcelled Hibernation        Hexes/Ice                    2
   c - Confuse                        Hexes                        3
   d - Tukima's Dance                 Hexes                        3
   e - Dazzling Spray                 Conjuration/Hexes            3
Comestibles
 d - a ration


   Skills:
 - Level 1.1 Short Blades
 + Level 3.3 Dodging
 * Level 5.1 Stealth
 - Level 2.6 Spellcasting
 * Level 4.1 Hexes


You had 3 spell levels left.
You knew the following spells:

 Your Spells              Type           Power        Failure   Level  Hunger
a - Corona                Hex            ###....      3%          1    #......
b - Ensorcelled Hibernat  Hex/Ice        #.....       13%         2    ##.....


Dungeon Overview and Level Annotations

Branches:
Dungeon (2/15)

Altars:


Innate Abilities, Weirdness & Mutations

You are very small and have problems with some larger weapons.
You are too small for most types of armour.
You have supernaturally acute eyesight. (SInv)
You are a herbivore.
You cover ground extremely quickly.
You need consume almost no food.


Message History

Casting: Corona
Confirm with . or Enter, or press ? or * to list all spells.
You can't see any susceptible monsters within range! (Use Z to cast anyway.)
There is a stone staircase leading up here.
There is a stone staircase leading down here.
Casting: Corona
Confirm with . or Enter, or press ? or * to list all spells.
Aiming: Ensorcelled Hibernation
Press: ? - help, Shift-Dir - straight line, f/p - worm
Aim: a worm (chance to defeat MR: 49%)
The worm looks drowsy...
Casting: Ensorcelled Hibernation
Confirm with . or Enter, or press ? or * to list all spells.
Aiming: Corona
Press: ? - help, Shift-Dir - straight line, f/p - worm
Aim: a worm (chance to defeat MR: 61%)
The worm is outlined in light.
You are too injured to fight recklessly!
You hit the worm but do no damage. The worm bites you.
You die...

### #............##
##.รท###.............#
............##......#
...#...<...##.......#
<# ####....><....#####
#..................##
.....#....#..........##
...###....##..........#
## #...###...@......#
##..# #...w......# #.^#
#..........# ...#
#..........# ##.#
##........##
##........##
#..........#
#..........#
#..........#


You could see a worm.

Vanquished Creatures
  A leopard gecko (D:2)
  3 bats (D:1)
  3 goblins (D:1)
  3 hobgoblins (D:1)
  4 kobolds (D:1)
  A rat (D:1)
15 creatures vanquished.

Notes
Turn   | Place    | Note
-------+----------+-------------------------------------------
     0 | D:1      | LairdRich the Spriggan Enchanter began the quest for the Orb.
     0 | D:1      | Reached XP level 1. HP: 9/9 MP: 5/5
  1236 | D:1      | Reached XP level 2. HP: 13/13 MP: 4/6
  1240 | D:1      | Learned a level 2 spell: Ensorcelled Hibernation
  1656 | D:1      | Reached skill level 5 in Stealth
  2247 | D:2      | Slain by a worm

Skill      XL: |  1  2 |
---------------+-------+-----
Hexes          | 4 |  4.1
Stealth        | 5 |  5.1
Short Blades   | |  1.1
Dodging        | |  3.3
Spellcasting   | |  2.6

Action                   || total
-------------------------++-------
Melee: Dagger            ||    68
 Cast: Corona            ||    16
       Ensorcelled Hiber ||     8
 Stab: Sleeping          ||     5
Armor: Robe              ||     9
Dodge: Dodged            ||    56
